 Dungeon Crawl Stone Soup version 0.24-a0-584-g9d6b971ae4 (webtiles) character file.

Game seed: 9062366068480542376, levelgen mode: deterministic

10 Mithandil the Skirmisher (level 2, -3/24 HPs)
             Began as a Demonspawn Abyssal Knight on Sept 5, 2019.
             Was an Initiate of Lugonu.
             Slain by a kobold
             ... wielding a +0 short sword
              (6 damage)
             ... on level 1 of the Dungeon.
             The game lasted 00:02:34 (301 turns).

Mithandil the Skirmisher (Demonspawn Abyssal Knight) Turns: 301, Time: 00:02:35

Health: -3/24      AC:  3    Str: 12    XL:     2   Next: 10%
Magic:  3/3        EV: 11    Int: 13    God:    Lugonu [......]
Gold:   34         SH:  0    Dex: 12    Spells: 1/1 levels left

rFire    . . .     SeeInvis .   a - +1 mace
rCold    . . .     Gourm    .   (no shield)
rNeg     . . .     Faith    .   b - +0 leather armour
rPois    .         Spirit   .   (no helmet)
rElec    .         Reflect  .   (no cloak)
rCorr    .         Harm     .   (no gloves)
MR       .....                  (no boots)
Stlth    +.........             (no amulet)
HPRegen  0.08/turn              (no ring)
MPRegen  0.08/turn              (no ring)

@: no status effects
A: demonic guardian 1
a: Renounce Religion


You were on level 1 of the Dungeon.
You worshipped Lugonu.
Lugonu was noncommittal.
You were not hungry.

You visited 1 branch of the dungeon, and saw 2 of its levels.
You visited the Abyss 1 time.

You collected 34 gold pieces.

Inventory:

Hand Weapons
 a - a +1 mace (weapon)
Missiles
 d - 28 stones (quivered)
 h - 28 sling bullets
Armour
 b - a +0 leather armour (worn)
Scrolls
 e - a scroll of identify {unknown}
 g - a scroll of enchant armour {unknown}
 i - 2 scrolls of immolation {unknown}
Comestibles
 c - 3 rations
 f - 8 chunks of flesh


   Skills:
 * Level 3.1 Fighting
 + Level 1.9 Maces & Flails
 + Level 0.1 Throwing
 + Level 2.0 Armour
 + Level 1.0 Dodging
 + Level 0.2 Stealth
 + Level 0.2 Unarmed Combat
 + Level 2.5 Invocations


You had one spell level left.
You didn't know any spells.
Your spell library was empty.

Dungeon Overview and Level Annotations

Branches:
Dungeon (2/15)

Altars:


Innate Abilities, Weirdness & Mutations

A weak demonic guardian rushes to your aid.


Message History

A kobold comes into view. It is wielding a +0 short sword.
The kobold hits you with a +0 whip.
The kobold hits you with a +0 short sword.
Found 5 gold pieces.
You barely miss the kobold.
The kobold shouts!
The kobold throws a stone.
The stone hits you.
* * * LOW HITPOINT WARNING * * *
The kobold hits you with a +0 whip.
* * * LOW HITPOINT WARNING * * *
The kobold hits you with a +0 short sword.
* * * LOW HITPOINT WARNING * * *
The kobold throws a stone.
The stone closely misses you.
The stone barely misses the kobold.
You hit the kobold.
You kill the kobold!
Lugonu accepts your kill.
Your Armour skill increases to level 2!
The kobold hits you with a +0 short sword.
You die...

.... .... .... .... #..#
# #..# #..###.....##
#.###..# #... ......
.#......###..####.#..#
........(........)...#
.....#K)###.#####.#..###
.......@................
.#..............#.#..##.
...............)........
.###.###############.#..
#$#≈≈≈≈≈≈≈≈≈≈≈≈≈#.#.. K
#≈≈≈≈≈≈≈≈≈≈≈≈≈#.#.. #
#≈≈≈≈≈≈≈≈≈≈≈≈≈#.#..
#≈≈≈≈≈≈≈≈≈≈≈≈≈#.#..
#≈≈≈≈≈...≈≈≈≈≈#.#..


You could see 2 kobolds.

Vanquished Creatures
  A giant cockroach (D:1)
  2 goblins
  2 hobgoblins (D:1)
  A bat (D:1)
  3 kobolds (D:1)
  A rat (D:1)
10 creatures vanquished.

Notes
Turn   | Place    | Note
-------+----------+-------------------------------------------
     0 | Abyss:1  | Mithandil the Demonspawn Abyssal Knight began the quest for
                  | the Orb.
     0 | Abyss:1  | Reached XP level 1. HP: 18/18 MP: 2/2
    68 | Abyss:1  | Noticed a tentacled starspawn
    69 | D:1      | Escaped the Abyss
   169 | D:1      | Reached skill level 1 in Dodging
   237 | D:1      | Gained mutation: A weak demonic guardian rushes to your
                  | aid. [demonic ancestry]
   237 | D:1      | Reached XP level 2. HP: 10/24 MP: 3/3
   301 | D:1      | Slain by a kobold

Levels and vault maps discovered:
D:1:      zaba_arrival_water, layout_basic
D:2:      layout_basic, lemuel_crystal_altar, old_standard_altar,
          minmay_misc_feat_roman

Skill      XL: |  1  2 |
---------------+-------+-----
Dodging        | 1 |  1.0
Armour         | 2 |  2.0
Fighting       | |  3.1
Maces & Flails | |  1.9
Throwing       | |  0.1
Stealth        | |  0.2
Unarmed Combat | |  0.2
Invocations    | |  2.5

Action                   || total
-------------------------++-------
Melee: Mace              ||    24
Invok: Depart the Abyss  ||     1
Armor: Leather armour    ||     7
Dodge: Dodged            ||    14

Table legend:
 A = Non-vault XP
 B = Vault XP
 C = Vault XP percentage of total XP
 D = Non-vault monster count
 E = Vault monster count
 F = Vault count percentage of total count
                 A         B        C        D         E       F
            +---------+---------+-------+---------+---------+-------
      Total |      15 |       0 |   0.0 |      10 |       0 |   0.0
            +---------+---------+-------+---------+---------+-------
        D:1 |      13 |       0 |   0.0 |       9 |       0 |   0.0
        D:2 |       2 |       0 |   0.0 |       1 |       0 |   0.0
            +---------+---------+-------+---------+---------+-------
